 Dungeon Crawl Stone Soup version 0.31.0-4-g52a2dc7128 (webtiles) character file.

Game seed: 14055458979016531984

333 rfury the Caller (level 6, -3/36 HPs)
             Began as an Octopode Summoner on Jan 23, 2024.
             Killed from afar by Natasha (7 damage)
             ... with a puff of flame
             ... on level 4 of the Dungeon.
             The game lasted 00:18:45 (4041 turns).

rfury the Caller (Octopode Summoner)                Turns: 4041, Time: 00:18:46

Health: -3/36      AC:  2    Str: 14    XL:     6   Next: 53%
Magic:  7/10       EV: 13    Int: 19    God:
Gold:   233        SH:  0    Dex: 12    Spells: 0/11 levels left

rFire   . . .        c - +2 dagger (venom)
rCold   . . .        (no shield)
rNeg    . . .        s - +1 hat
rPois   .            (no amulet)
rElec   .            q - +6 ring of strength
rCorr   .            (no ring)
SInv    .            (no ring)
Will    .....        (no ring)
Stlth   ++++         (no ring)
HPRegen 0.26/turn    (no ring)
MPRegen 0.12/turn    (no ring)
                     (no ring)

%: no passive effects
@: inugami summoned
A: almost no armour, amphibious, 8 rings, camouflage 1, gelatinous body 1,
(nimble swimmer 1), tentacles
a: no special abilities


You were on level 4 of the Dungeon.
You visited 1 branch of the dungeon, and saw 4 of its levels.

You collected 233 gold pieces.

Inventory:

Hand Weapons
 b - a +0 dagger
 c - a +2 dagger of venom (weapon)
 k - a +0 sling
 o - a +0 trident
Missiles
 r - a curare-tipped dart
Armour
 s - a +1 hat (worn)
Jewellery
 q - a +6 ring of strength (left tentacle)
Wands
 n - a wand of flame (54)
Scrolls
 d - 2 scrolls of identify {unknown}
 g - 2 scrolls of fog {unknown}
 h - 5 scrolls of teleportation {unknown}
 j - a scroll of summoning {unknown}
 l - a scroll of fear {unknown}
 m - a scroll of revelation {unknown}
 p - a scroll of immolation {unknown}
Potions
 a - a potion of magic
 e - a potion of brilliance {unknown}
 f - a potion of resistance {unknown}
 i - 2 potions of heal wounds {unknown}


   Skills:
 - Level 0.1 Fighting
 - Level 0.9 Short Blades
 + Level 3.4 Ranged Weapons
 - Level 2.2 Dodging
 - Level 4.4 Stealth
 - Level 3.1 Spellcasting
 - Level 5.1 Summonings


You couldn't memorise any spells.
You knew the following spells:

 Your Spells              Type           Power      Damage    Failure   Level
a - Summon Small Mammal   Summ           88%        N/A       1%          1
b - Call Imp              Summ           44%        N/A       2%          2
c - Call Canine Familiar  Summ           22%        N/A       5%          3
d - Blink                 Tloc           4%         N/A       22%         2
e - Inner Flame           Hex/Fire       2%         N/A       41%         3

Your spell library contained the following spells:

 Spells                   Type           Power      Damage    Failure   Level
 Lesser Beckoning         Tloc           4%         N/A       22%         2
 Momentum Strike          Conj/Tloc      4%         3d8       22%         2
 Summon Blazeheart Golem  Fire/Summ      12%        N/A       45%         4
 Summon Lightning Spire   Summ/Air       12%        N/A       45%         4
 Flame Wave               Conj/Fire      2%         2d4       83%         4
 Sticky Flame             Fire/Alch      2%         2d4       83%         4


Dungeon Overview and Level Annotations

Branches:
Dungeon (4/15)
 Temple: D:4-7

Altars:

Annotations:
D:3 1 runed translucent door
D:4 Natasha


Innate Abilities, Weirdness & Mutations

You cannot wear most types of armour.
You are amphibious.
You can wear up to eight rings at the same time.
Your skin changes colour to match your surroundings (Stealth+).
Your rubbery body absorbs attacks. (AC +1, EV +1)
((You are camouflaged when in or above water. (Stealth+)))
You have tentacles for arms and can constrict up to eight enemies at once.


Message History

Your bat hits the cerulean imp.
The cerulean imp hits your bat with a +0 spear.
Your bat dies!
Your bat's corpse disappears in a puff of smoke!
Natasha zaps a wand.
The puff of flame hits you!
* * * LOW HITPOINT WARNING * * *
Your inugami hits Natasha.
Your cerulean imp closely misses the cerulean imp.
The cerulean imp shouts!
You hit Natasha. Your grab misses Natasha. Your squeeze misses Natasha.
Natasha is severely wounded.
The cerulean imp misses you. Natasha casts a spell at you.
You resist with some effort.
Your inugami hits Natasha.
Your cerulean imp hits the cerulean imp with a -2 spear.
You hit Natasha.
You kill Natasha!
Natasha growls in agony!
The cerulean imp disappears in a puff of smoke!
You start resting.
Natasha, Servant of Life and Death comes into view.
She is carrying a wand of flame.
Natasha is nearby!
Found a stone staircase leading down.
Natasha zaps a wand.
The puff of flame hits you!
* * * LOW HITPOINT WARNING * * *
Natasha mumbles some strange words.
Your inugami completely misses the cerulean imp.
The cerulean imp hits your inugami with a +2 spear.
Your inugami hits the cerulean imp.
The cerulean imp hits you with a +2 spear.
* * * LOW HITPOINT WARNING * * *
Natasha casts a spell.
Your inugami barely misses the cerulean imp.
You hit the cerulean imp. You grab the cerulean imp.
You squeeze the cerulean imp.
You kill the cerulean imp!
The cerulean imp disappears in a puff of smoke!
Natasha zaps a wand.
The puff of flame hits you!
You die...
Natasha begins licking her fur clean.

#....# #....#
#....####### #.
#....##..... #..
####....#..#### ##..
#.............. .5.
##.###..........
##h###..####..#......
#..§@5...###..#......
#...h.....##.........
#.............#......
#.............#####.#
#..†........... ..#
#............#.. #.#
...................###.#
...##.###..##.#....#...#
...# .. ...............#


You could see Natasha (ally target), a cerulean imp (summoned), a friendly
cerulean imp (summoned) and a friendly inugami (summoned).

Vanquished Creatures
  2 bombardier beetles
  Natasha (twice) (D:4)
  3 adders
  2 ribbon worms (D:2)
  3 orcs (D:2)
  A ball python (D:1)
  4 endoplasms
  4 giant cockroaches
  3 goblins (D:1)
  2 hobgoblins
  3 kobolds
  A bat (D:1)
  A frilled lizard (D:1)
  A rat (D:3)
32 creatures vanquished.

Vanquished Creatures (collateral kills)
  A kobold brigand (D:4)
  A bombardier beetle (D:2)
  An adder (D:3)
  5 dart slugs
  2 ribbon worms
  An orc (D:3)
  5 endoplasms
  2 giant cockroaches (D:1)
  4 goblins
  A hobgoblin (D:2)
  2 quokkas
  2 ball pythons
  A bat (D:2)
  2 frilled lizards (D:3)
  4 kobolds
  2 rats (D:3)
36 creatures vanquished.

Grand Total: 68 creatures vanquished

Notes
Turn   | Place    | Note
-------+----------+-------------------------------------------
     0 | D:1      | rfury the Octopode Summoner began the quest for the Orb.
     0 | D:1      | Reached XP level 1. HP: 11/11 MP: 3/3
   369 | D:1      | Reached XP level 2. HP: 17/17 MP: 0/5
  1070 | D:1      | Learned a level 2 spell: Call Imp
  1310 | D:1      | Reached XP level 3. HP: 19/21 MP: 2/6
  1783 | D:2      | Learned a level 3 spell: Call Canine Familiar
  2052 | D:2      | Reached XP level 4. HP: 15/27 MP: 5/7
  2670 | D:2      | Learned a level 2 spell: Blink
  2746 | D:3      | Reached XP level 5. HP: 18/31 MP: 5/9
  3083 | D:3      | Reached skill level 5 in Summonings
  3739 | D:3      | Found a runed translucent door.
  3780 | D:4      | Noticed Natasha
  3786 | D:4      | Killed Natasha
  3787 | D:4      | Reached skill level 1 in Ranged Weapons
  3791 | D:4      | Reached XP level 6. HP: 31/36 MP: 5/10
  3829 | D:4      | Learned a level 3 spell: Inner Flame
  4013 | D:4      | Noticed Natasha
  4024 | D:4      | Killed Natasha
  4034 | D:4      | Noticed Natasha
  4041 | D:4      | Killed from afar by Natasha

Illustrated notes

Levels and vault maps discovered:
D:1:      dpeg_arrival_lava_altar, layout_basic, serial_curves, eino_curves_03,
          eino_curves_04, eino_curves_02, minmay_tetromino_t2
D:2:      layout_rooms, kennysheep_generic_room_11
D:3:      minmay_wonky_spiral, layout_basic, marbit_many_paths,
          uniq_crazy_yiuf_cottage
D:4:      layout_rooms, nicolae_ashenzari_panopticon,
          chequers_serial_rivers_room_b, uniq_ijyb, uniq_natasha

Skill      XL: |  1  2  3  4  5  6 |
---------------+-------------------+-----
Stealth        | 3 4 |  4.4
Spellcasting   | 3 |  3.1
Summonings     | 5 |  5.1
Ranged Weapons | 2 3 |  3.4
Fighting       | |  0.1
Short Blades   | |  0.9
Dodging        | |  2.2

Action                     |  1- 3 |  4- 6 || total
---------------------------+-------+-------++-------
  Melee: Unarmed           |     6 |       ||     6
         Dagger            |    33 |    39 ||    72
         Constrict         |    11 |    11 ||    22
         Tentacles         |     5 |     7 ||    12
   Cast: Summon Small Mamm |    41 |    23 ||    64
         Call Imp          |     8 |    16 ||    24
         Call Canine Famil |       |     4 ||     4
   Stab: Sleeping          |     5 |     1 ||     6
         Distracted        |       |     1 ||     1
 Armour: Skin              |    20 |    19 ||    39
  Dodge: Dodged            |    23 |    22 ||    45
